 Dungeon Crawl Stone Soup version 0.29-a0-830-gcb1280458a (webtiles) character file.

Game seed: 18133870421687247548

109 gruber the Caller (level 4, 0/24 HPs)
             Began as a Tengu Summoner on July 11, 2022.
             Slain by a gnoll
             ... wielding a +0 flail
              (6 damage)
             ... on level 3 of the Dungeon.
             The game lasted 00:03:45 (3097 turns).

gruber the Caller (Tengu Summoner)                  Turns: 3097, Time: 00:03:46

Health: 0/24       AC:  2    Str:  8    XL:     4   Next: 89%
Magic:  0/8        EV: 12    Int: 17    God:
Gold:   91         SH:  0    Dex: 15    Spells: 1/7 levels left

rFire   . . .      SeeInvis .   o - +0 trident
rCold   . . .      Faith    .   (no shield)
rNeg    . . .      Spirit   +   a - +0 robe
rPois   .          Reflect  .   (helmet restricted)
rElec   .          Harm     .   (no cloak)
rCorr   +          Rampage  .   (no gloves)
Will    .....                   (boots unavailable)
Stlth   ++........              i - amulet of guardian spirit
HPRegen 0.08/turn               n - ring of resist corrosion
MPRegen 0.11/turn               (no ring)

@: no status effects
A: beak, talons 3
a: no special abilities


You were on level 3 of the Dungeon.
You visited 1 branch of the dungeon, and saw 3 of its levels.

You collected 91 gold pieces.

Inventory:

Hand Weapons
 o - a +0 trident (weapon)
Missiles
 p - 2 throwing nets
Armour
 a - a +0 robe (worn)
Jewellery
 i - an amulet of guardian spirit (around neck)
 n - a ring of resist corrosion (left hand)
Scrolls
 c - a scroll of summoning {unknown}
 e - 4 scrolls of teleportation {unknown}
 h - a scroll of poison {unknown}
 j - 2 scrolls of amnesia {unknown}
 k - 4 scrolls of identify {unknown}
 m - a scroll of enchant armour {unknown}
Potions
 b - a potion of magic
 d - a potion of heal wounds {unknown}
 f - a potion of brilliance {unknown}
 g - a potion of attraction {unknown}
 l - 4 potions of curing {unknown}


   Skills:
 * Level 3.0 Polearms
 - Level 2.1 Dodging
 - Level 2.0 Stealth
 - Level 2.0 Spellcasting
 - Level 6.3 Summonings


You had one spell level left.
You knew the following spells:

 Your Spells              Type           Power      Damage    Failure   Level
a - Summon Small Mammal   Summ           92%        N/A       1%          1
b - Call Imp              Summ           23%        N/A       2%          2
c - Call Canine Familiar  Summ           23%        N/A       4%          3

Your spell library contained the following spells:

 Spells                   Type           Power      Damage    Failure   Level
 Magic Dart               Conj           4%         1d3       19%         1
 Summon Guardian Golem    Hex/Summ       12%        N/A       16%         3
 Searing Ray              Conj           2%         2d4       28%         2
 Summon Lightning Spire   Summ/Air       12%        N/A       47%         4
 Portal Projectile        Hex/Tloc       2%         N/A       50%         3
 Tukima's Dance           Hex            1%         N/A       50%         3
 Fulminant Prism          Conj/Hex       0%         3d6       88%         4
 Blade Hands              Tmut           0%         N/A       99%         5


Dungeon Overview and Level Annotations

Branches:
Dungeon (3/15)

Altars:
Fedhas

Annotations:
D:3 1 runed translucent door, Crazy Yiuf


Innate Abilities, Weirdness & Mutations

You have a beak for a mouth.
You have claws for feet.


Message History

The gnoll hits your hound with a +0 flail!
Your hound dies!
Your hound's corpse disappears in a puff of smoke!
You see here a +0 whip.
Casting: Call Imp (safe; 2% risk of failure)
Confirm with . or Enter, or press ? or * to list all spells.
The spell is quite dangerous to miscast (4% risk of failure)!
Continue anyway?
Unknown command.
What are your orders? t - Shout!
Orders for allies: a - Attack new target. p - Attack previous target. r - Retreat! s - Stop attacking. g - Guard the area. f - Follow me.
Anything else - Cancel.
Okay, then.
What are your orders? t - Shout!
Orders for allies: a - Attack new target. p - Attack previous target. r - Retreat! s - Stop attacking. g - Guard the area. f - Follow me.
Anything else - Cancel.
Gang up on whom?
Press: ? - help, Dir - move target, f/p - gnoll
Aim: a gnoll, wielding a +0 flail and wearing a +0 scale mail (moderately wounded, ally target) Attack!
You reach to attack!
You hit the gnoll but do no damage.
The gnoll is lightly wounded.
Your hound bites the gnoll but does no damage.
Your hound closely misses the gnoll.
You closely miss the gnoll. You claw the gnoll, but do no damage.
The gnoll is lightly wounded.
Your hound bites the gnoll but does no damage.
The gnoll hits you with a +0 flail!
Your hound bites the gnoll but does no damage.
You hit the gnoll. Your peck misses the gnoll.
The gnoll is heavily wounded.
The gnoll hits you with a +0 flail!
* * * LOW HITPOINT WARNING * * *
Your hound bites the gnoll.
The gnoll hits you with a +0 flail.
You die...

.......# #o.# .......#
#..## ......g#
#.o.#### #+ ....h5.#
#.#....# #.
...))o.######.#....###
###<
##..............o....#
#...
#oo.....####.#o.h.###
#.##
........####.#.g..#
#.#
........'....#.@..#
#.##
.......######)...#
#.#. ^...... #....#
#..#
....#########.#####
#.#. ... ............#
8.. ##.# ..
########.##.#
#.....##.#. . #.##.#
#8...8 ##.# #.##.#
##>## #.#. #..#.#
########.#


You could see a gnoll (ally target), 3 orcs and a friendly hound (summoned).

Vanquished Creatures
  2 adders (D:2)
  2 bats
  2 endoplasms (D:1)
  A giant cockroach (D:3)
  2 goblins
  3 hobgoblins
  2 jackals (D:1)
  A quokka (D:3)
  2 ball pythons (D:2)
  4 kobolds
  4 rats
25 creatures vanquished.

Vanquished Creatures (collateral kills)
  3 gnolls (D:3)
  2 adders (D:3)
  5 endoplasms
  2 giant cockroaches (D:2)
  A goblin (D:1)
  A hobgoblin (D:1)
  2 ball pythons
  2 kobolds
18 creatures vanquished.

Grand Total: 43 creatures vanquished

Notes
Turn   | Place    | Note
-------+----------+-------------------------------------------
     0 | D:1      | gruber the Tengu Summoner began the quest for the Orb.
     0 | D:1      | Reached XP level 1. HP: 10/10 MP: 4/4
    55 | D:1      | Reached skill level 5 in Summonings
   312 | D:1      | Reached XP level 2. HP: 5/15 MP: 4/6
  1467 | D:2      | Reached skill level 6 in Summonings
  1467 | D:2      | Reached XP level 3. HP: 19/19 MP: 3/7
  1470 | D:2      | Learned a level 2 spell: Call Imp
  1474 | D:2      | Learned a level 3 spell: Call Canine Familiar
  1792 | D:2      | Found a blossoming altar of Fedhas.
  2040 | D:2      | Reached skill level 1 in Polearms
  2434 | D:3      | Reached XP level 4. HP: 7/24 MP: 4/8
  2806 | D:3      | Found a runed translucent door.
  2807 | D:3      | Noticed Crazy Yiuf
  3097 | D:3      | Slain by a gnoll

Illustrated notes

Levels and vault maps discovered:
D:1:      lemuel_arrival_lava_pool, layout_loops_ring, minmay_heptomino_l4
D:2:      layout_basic, basic_altar
D:3:      layout_basic, nicolae_overflow_hidden_temple, uniq_crazy_yiuf_cottage,
          uniq_terence

Skill      XL: |  1  2  3  4 |
---------------+-------------+-----
Summonings     | 5 6 |  6.3
Polearms       | 1 3 |  3.0
Dodging        | |  2.1
Stealth        | |  2.0
Spellcasting   | |  2.0

Action                   |  1- 3 |  4- 6 || total
-------------------------+-------+-------++-------
Melee: Unarmed           |    58 |       ||    58
       Kick              |    19 |     8 ||    27
       Peck              |    16 |       ||    16
       Trident           |    21 |    13 ||    34
 Cast: Summon Small Mamm |    40 |     4 ||    44
       Call Canine Famil |       |     4 ||     4
       Call Imp          |       |     3 ||     3
Armor: Robe              |    16 |     2 ||    18
Dodge: Dodged            |    67 |     5 ||    72

Table legend: (Time is in decaauts)
 A = Elapsed time spent in this place.
 B = Non-inter-level travel time spent in this place.
 C = Inter-level travel time spent in this place.
 D = Time resting spent in this place.
 E = Time spent auto-exploring this place.
 F = Levels seen in this place.
 G = Mean time per level.
                   A        B        C        D        E       F      G
               +--------+--------+--------+--------+--------+-----+--------+
         Total |   3104 |   3069 |     35 |      0 |   2580 |   3 | 1034.7 |
       Dungeon |   3104 |   3069 |     35 |      0 |   2580 |   3 | 1034.7 |
               +--------+--------+--------+--------+--------+-----+--------+

Top non-repeatable levels by time:
     D:1: 1205 daAuts
     D:2: 1156 daAuts
     D:3: 742 daAuts
